 Dungeon Crawl Stone Soup version 0.31-a0-18-gea43df2a32 (webtiles) character file.

Game seed: 16997601349382993239

2585 BlueFish the Trooper (level 9, -8/77 HPs)
             Began as a Yellow Draconian Conjurer on May 10, 2023.
             Mangled by a hornet (12 damage)
             ... while paralysed by a hornet
             ... on level 7 of the Dungeon.
             The game lasted 00:14:37 (7574 turns).

BlueFish the Trooper (Yellow Draconian Conjurer)    Turns: 7574, Time: 00:14:38

Health: -8/77      AC:  9    Str: 10    XL:     9   Next: 32%
Magic:  11/16      EV:  2    Int: 26    God:
Gold:   409        SH:  0    Dex: 13    Spells: 14/17 levels left

rFire   + . .        O - +8 whip of the Shining Light {heavy, Dex+3}
rCold   . . .        (no shield)
rNeg    . . .        (body armour unavailable)
rPois   .            (helmet restricted)
rElec   .            A - +0 cloak
rCorr   +            q - +0 pair of gloves
SInv    .            (no boots)
Will    .....        (no amulet)
Stlth   +++          j - +6 ring of intelligence
HPRegen 0.32/turn    (no ring)
MPRegen 0.15/turn

%: no passive effects
@: paralysed, lethally poisoned (-8 -> -18), short of breath, slowed
A: spit acid, AC +7, unfitting armour, cold-blooded, acid resistance, dopey 1,
fire resistance 1
a: Breathe Acid


You were on level 7 of the Dungeon.
You visited 2 branches of the dungeon, and saw 8 of its levels.

You collected 409 gold pieces.

Inventory:

Hand Weapons
 c - a +0 club
 e - a +0 mace
 f - a +0 vampiric short sword
 l - a +2 short sword of holy wrath
 w - the +5 battleaxe "Ukem" {protect, rF+++ rC+ Int-5 Dex+3}
   (You found it on level 3 of the Dungeon)

   Int:       It affects your intelligence (-5).
   Dex:       It affects your dexterity (+3).
   rF:        It renders you almost immune to fire.
   rC:        It protects you from cold.
 O - the +8 whip of the Shining Light (weapon) {heavy, Dex+3}
   (You found it on level 5 of the Dungeon)

   Dex:       It affects your dexterity (+3).
Armour
 q - a +0 pair of gloves (worn)
 A - a +0 cloak (worn)
Jewellery
 j - a +6 ring of intelligence (left hand)
 s - an amulet of guardian spirit
 y - a ring of fire
 B - a +6 ring of strength
Wands
 z - a wand of roots (6)
 L - a wand of flame (13)
 N - a wand of acid (5)
 Q - a wand of polymorph (9)
Scrolls
 d - 3 scrolls of fear {unknown}
 g - 2 scrolls of fog {unknown}
 k - 2 scrolls of torment {unknown}
 n - 2 scrolls of blinking {unknown}
 p - 2 scrolls of immolation {unknown}
 r - 2 scrolls of enchant armour {unknown}
 t - 4 scrolls of teleportation {unknown}
 C - 6 scrolls of identify {unknown}
 E - 2 scrolls of summoning {unknown}
 F - 2 scrolls of acquirement {unknown}
 G - 2 scrolls of vulnerability {unknown}
 J - a scroll of magic mapping {unknown}
 K - 4 scrolls of enchant weapon {unknown}
Potions
 a - a potion of magic
 b - 2 potions of mutation
 h - a potion of degeneration {unknown}
 i - 2 potions of haste {unknown}
 m - 2 potions of berserk rage {unknown}
 o - a potion of resistance
 u - a potion of cancellation {unknown}
 v - a potion of brilliance {unknown}
 x - 2 potions of lignification {unknown}
 D - a potion of might {unknown}
 H - 2 potions of heal wounds
 I - a potion of attraction {unknown}
 M - a potion of curing {unknown}
 P - a potion of flight {unknown}


   Skills:
 * Level 6.3 Fighting
 + Level 4.5 Dodging
 + Level 5.0 Stealth
 * Level 4.6 Unarmed Combat
 + Level 4.7 Spellcasting
 + Level 6.2 Conjurations
 + Level 3.1 Evocations


You had 14 spell levels left.
You knew the following spells:

 Your Spells              Type           Power      Damage    Failure   Level
a - Magic Dart            Conj           100%       1d8       1%          1
b - Searing Ray           Conj           76%        2d7       1%          2

Your spell library contained the following spells:

 Spells                   Type           Power      Damage    Failure   Level
 Kiss of Death            Conj/Necr      88%        2d12      2%          1
 Dazzling Flash           Conj/Hex       44%        N/A       7%          3
 Stone Arrow              Conj/Erth      44%        3d9       7%          3
 Apportation              Tloc           12%        N/A       8%          1
 Necrotise                Necr           24%        1d5       8%          1
 Sandblast                Erth           12%        2d6       8%          1
 Sting                    Tmut/Pois      24%        1d4       8%          1
 Summon Small Mammal      Summ           24%        N/A       8%          1
 Passwall                 Tmut/Erth      5%         N/A       12%         2
 Poisonous Vapours        Pois/Air       12%        N/A       12%         2
 Fulminant Prism          Conj/Hex       11%        3d9       22%         4
 Iskenderun's Mystic Bla  Conj/Tloc      22%        2d6       22%         4
 Confusing Touch          Hex            6%         N/A       24%         3
 Summon Guardian Golem    Hex/Summ       6%         N/A       24%         3
 Vhi's Electric Charge    Tloc/Air       12%        N/A       24%         3
 Arcjolt                  Conj/Air       11%        1d21      52%         5
 Dispel Undead            Necr           6%         3d8       61%         4
 Olgreb's Toxic Radiance  Pois           6%         N/A       61%         4
 Orb of Destruction       Conj           19%        9d8       99%         7
 Spellforged Servitor     Conj/Summ      11%        N/A       100%        7
 Maxwell's Capacitive Co  Air            3%         ∞         100%        8


Dungeon Overview and Level Annotations

Branches:
Dungeon (7/15)             Temple (1/1) D:6

Altars:
Dithmenos
Elyvilon
Gozag
Nemelex Xobeh
Okawaru
Ru
Uskayaw
Vehumet
Yredelemnul
The Shining One

Annotations:
D:6 2 transporters


Innate Abilities, Weirdness & Mutations

You can spit globs of acid.
Your golden yellow scales are hard. (AC +7)
You cannot fit into any form of body armour.
You are cold-blooded and may be slowed by cold attacks.
You are resistant to acid. (rCorr)
You are dopey. (Int -2)
Your flesh is heat resistant. (rF+)


Message History

You feel very sick. The hornet stings you.
* * * LOW HITPOINT WARNING * * *
You are lethally poisoned!
You feel as though you will be slow longer.
The hornet misses you.
It was a potion of heal wounds.
You feel much better.
You feel extremely sick.
The hornet stings you but does no damage.
The hornet stings you.
You feel as though you will be slow longer.
Aiming: Polymorph
Press: ? - help, Shift-Dir - straight line, f/p - hornet
Aim: a hornet (moderately wounded, will become a queen bee, a rime drake, or a fire bat, chance to affect: 49%)
Okay, then.
Aiming: Corrosive Bolt
Press: ? - help, Shift-Dir - straight line, f/p - hornet
Aim: a hornet (moderately wounded, 60% to hit)
The bolt of acid misses the hornet.
You feel very sick. The hornet stings you.
* * * LOW HITPOINT WARNING * * *
You are more poisoned.
You feel as though you will be slow longer.
The hornet stings you but does no damage.
Aiming: Corrosive Bolt
Press: ? - help, Shift-Dir - straight line, f/p - hornet
Aim: a hornet (moderately wounded, 60% to hit)
The bolt of acid hits the hornet!
The acid corrodes the hornet!
The hornet is severely wounded.
* * * LOW HITPOINT WARNING * * *
You feel very sick.
The hornet stings you but does no damage.
The hornet stings you!
* * * LOW HITPOINT WARNING * * *
You suddenly lose the ability to move!
The hornet barely misses you.
* * * LOW HITPOINT WARNING * * *
You feel very sick. The hornet stings you!
You die...

# ........
### ......
..#. ...#
.... ##.#
.... #..#
.... #.##
.... ##.#
.... #y.#
.... #####
#@## ....
##....####.#
....
#.......#..#
##### ...#
#.........##
##...## ...#
#..........#
#.....# ..##
#..........#
#.....## ..#
##.........##
#......## ...
#..........#
##.......#
...
..........##
#........#


You could see a hornet (corroded).

Vanquished Creatures
  A hornet (D:6)
  Grinder (D:6)
  3 yaks (D:5)
  A black bear (D:7)
  An ice beast (D:5)
  2 ogres
  A centaur (D:6)
  A phantom (D:6)
  A kobold brigand (D:7)
  3 bullfrogs
  2 scorpions
  A jelly (D:4)
  A hound (D:4)
  2 orc priests (D:4)
  Crazy Yiuf (D:3)
  3 gnoll boudas
  5 iguanas
  2 sleepcaps
  Natasha (thrice) (D:2)
  2 orc wizards (D:4)
  Robin (D:3)
  17 gnolls
  7 adders
  A shadow imp (D:7)
  An ufetubus (D:6)
  6 worms
  2 dart slugs
  7 orcs
  4 bats
  4 endoplasms
  2 giant cockroaches (D:1)
  18 goblins
  7 hobgoblins
  6 quokkas
  8 ball pythons
  A frilled lizard (D:1)
  10 kobolds
  5 rats
144 creatures vanquished.

Notes
Turn   | Place    | Note
-------+----------+-------------------------------------------
     0 | D:1      | BlueFish the Draconian Conjurer began the quest for the
                  | Orb.
     0 | D:1      | Reached XP level 1. HP: 14/14 MP: 3/3
   241 | D:1      | Reached XP level 2. HP: 22/22 MP: 0/5
   244 | D:1      | Learned a level 2 spell: Searing Ray
   546 | D:1      | Reached skill level 1 in Fighting
   833 | D:1      | Reached XP level 3. HP: 28/28 MP: 4/6
  1702 | D:2      | Reached XP level 4. HP: 35/35 MP: 4/7
  1739 | D:2      | Noticed Natasha
  1755 | D:2      | Killed Natasha
  1844 | D:2      | Noticed Natasha
  1848 | D:2      | Killed Natasha
  2038 | D:2      | Noticed Natasha
  2044 | D:2      | Killed Natasha
  2045 | D:2      | Reached XP level 5. HP: 41/41 MP: 4/9
  2492 | D:3      | Noticed Robin
  2705 | D:3      | Killed Robin
  3046 | D:3      | Identified the +5 battleaxe "Ukem" {protect, rF+++ rC+
                  | Int-5 Dex+3}
  3089 | D:3      | Reached XP level 6. HP: 49/50 MP: 10/10
  3350 | D:3      | Found a runed translucent door.
  3351 | D:3      | Noticed Crazy Yiuf
  3461 | D:3      | Killed Crazy Yiuf
  3692 | D:4      | Found a white marble altar of Elyvilon.
  4022 | D:4      | Reached skill level 5 in Conjurations
  4716 | D:4      | Your scales start taking on a golden yellow colour.
  4716 | D:4      | Reached XP level 7. HP: 57/57 MP: 6/12
  4716 | D:4      | Gained mutation: You are resistant to acid. (rCorr) [Yellow
                  | Draconian growth]
  4815 | D:4      | You fall into a shaft and drop 3 floors!
  4843 | D:7      | Reached skill level 1 in Unarmed Combat
  5111 | D:5      | Entered Level 5 of the Dungeon
  5115 | D:5      | Reached skill level 1 in Evocations
  5344 | D:5      | Reached XP level 8. HP: 67/67 MP: 6/14
  5599 | D:5      | Reached skill level 5 in Fighting
  5863 | D:5      | Identified the +8 whip of the Shining Light {heavy, Dex+3}
  6119 | D:6      | Noticed a hornet
  6230 | D:6      | Found a transporter.
  6372 | D:6      | Found a staircase to the Ecumenical Temple.
  6395 | Temple   | Entered the Ecumenical Temple
  6395 | Temple   | Found a transporter.
  6395 | Temple   | Found a transporter.
  6397 | Temple   | Found a transporter.
  6397 | Temple   | Found a transporter.
  6861 | D:6      | Found a transporter.
  6897 | D:6      | Reached XP level 9. HP: 75/75 MP: 10/15
  6949 | D:6      | Paralysed by a hornet for 1 turns
  7003 | D:6      | Noticed Grinder
  7006 | D:6      | Paralysed by Grinder for 2 turns
  7017 | D:6      | Killed Grinder
  7556 | D:7      | Reached skill level 5 in Stealth
  7569 | D:7      | Gained mutation: Your flesh is heat resistant. (rF+)
                  | [potion of mutation]
  7569 | D:7      | Gained mutation: You are dopey. (Int -2) [potion of
                  | mutation]
  7569 | D:7      | Paralysed by a hornet for 1 turns
  7573 | D:7      | Paralysed by a hornet for 2 turns
  7574 | D:7      | Mangled by a hornet

Illustrated notes

Levels and vault maps discovered:
D:1:      dpeg_arrival_central, layout_loops_ring, st_stairs_4,
          minmay_pentomino_z4
D:2:      layout_basic, uniq_natasha
D:3:      layout_basic, serial_curves, eino_curves_04, eino_curves_02,
          uniq_robin, uniq_crazy_yiuf_cottage
D:4:      layout_basic, amcnicky_altar_gilded
D:5:      layout_rooms
D:6:      gammafunk_cloud_chamber, layout_loops_ring,
          minmay_temple_entry_mini_moons, uniq_grinder
D:7:      layout_cave_pods
Temple:   hellmonk_temple_divided_pantheon

Skill      XL: |  1  2  3  4  5  6  7  8  9 |
---------------+----------------------------+-----
Stealth        | 2 3 4 5 |  5.0
Dodging        | 2 3 4 |  4.5
Fighting       | 1 2 3 4 5 6 |  6.3
Spellcasting   | 3 4 |  4.7
Conjurations   | 5 6 |  6.2
Unarmed Combat | 2 4 |  4.6
Evocations     | 1 2 3 |  3.1

Action                     |  1- 3 |  4- 6 |  7- 9 || total
---------------------------+-------+-------+-------++-------
  Melee: Mace              |     6 |       |       ||     6
         Short sword       |    29 |    59 |       ||    88
         Tailslap          |     7 |    10 |    13 ||    30
         Battleaxe         |       |    16 |    38 ||    54
         Whip              |       |       |    50 ||    50
         Punch             |       |       |     2 ||     2
   Cast: Magic Dart        |    66 |    68 |   100 ||   234
         Searing Ray       |       |    12 |     8 ||    20
Ability: Breathe Acid      |       |       |    14 ||    14
  Evoke: Wand              |       |       |     2 ||     2
    Use: Potion            |       |       |     2 ||     2
   Stab: Sleeping          |       |     1 |     1 ||     2
 Armour: Skin              |     6 |    25 |    55 ||    86
  Dodge: Dodged            |    19 |    50 |    89 ||   158

Table legend: (Time is in decaauts)
 A = Elapsed time spent in this place.
 B = Non-inter-level travel time spent in this place.
 C = Inter-level travel time spent in this place.
 D = Time resting spent in this place.
 E = Time spent auto-exploring this place.
 F = Levels seen in this place.
 G = Mean time per level.
                   A        B        C        D        E       F      G
               +--------+--------+--------+--------+--------+-----+--------+
         Total |   7652 |   7347 |    305 |    183 |   5922 |   8 |  956.5 |
       Dungeon |   7615 |   7310 |    305 |    183 |   5922 |   7 | 1087.9 |
        Temple |     37 |     37 |      0 |      0 |      0 |   1 |   37.0 |
               +--------+--------+--------+--------+--------+-----+--------+

Top non-repeatable levels by time:
     D:6: 1388 daAuts
     D:1: 1360 daAuts
     D:4: 1267 daAuts
     D:2: 1245 daAuts
     D:3: 963 daAuts
     D:5: 877 daAuts
     D:7: 512 daAuts
  Temple: 37 daAuts
